 Dungeon Crawl Stone Soup version 0.21-a0-111-g52d2817 (webtiles) character file.

33707 Arkorax the Brawler (level 13, -2/113 HPs)
             Began as a Minotaur Gladiator on July 11, 2017.
             Was the Champion of Wu Jian.
             Killed from afar by a raiju (4 damage)
             ... with a living lightning
             ... on level 2 of the Abyss.
             The game lasted 00:27:18 (15277 turns).

Arkorax the Brawler (Minotaur Gladiator)           Turns: 15277, Time: 00:27:19

Health: -2/113     AC: 23    Str: 23    XL:     13   Next: 38%
Magic:  12/12      EV:  6    Int:  5    God:    Wu Jian [******]
Gold:   1201       SH: 21    Dex: 13    Spells: 12/12 levels left

rFire    . . .     SeeInvis .     - Unarmed
rCold    . . .     Gourm    .   o - +2 large shield
rNeg     . . .     Faith    .   U - +0 plate armour
rPois    +         Spirit   .   c - +1 hat
rElec    .         Reflect  .   Q - +2 cloak
rCorr    .         Harm     .   T - +2 pair of gloves
MR       .....                  a - +0 pair of boots
Stlth    ..........             t - amulet of magic regeneration
HPRegen  0.28/turn              x - ring of Vivasmucw {Wiz +Inv}
MPRegen  0.38/turn              F - ring of poison resistance

@: no status effects
A: retaliatory headbutt, horns 2
a: Serpent's Lash, Heavenly Storm, Renounce Religion, Evoke Invisibility


You were on level 2 of the Abyss.
You worshipped Wu Jian.
Wu Jian was exalted by your worship.
You were not hungry.

You visited 3 branches of the dungeon, and saw 16 of its levels.
You visited the Abyss 1 time.
You also visited: Ossuary.

You collected 1285 gold pieces.
You spent 84 gold pieces at shops.

Inventory:

Missiles
 Y - 4 throwing nets (quivered)
 Z - 400 stones
Armour
 a - a +0 pair of boots (worn)
 c - a +1 hat (worn)
 o - a +2 large shield (worn)
 Q - a +2 cloak (worn)
 T - a +2 pair of gloves (worn)
 U - a +0 plate armour (worn)
Jewellery
 t - an amulet of magic regeneration (around neck)
 x - the ring of Vivasmucw (left hand) {Wiz +Inv}
   (You found it on level 2 of the Lair of Beasts)

   [ring of wizardry]

   It improves your spell success rate.
   It lets you turn invisible.
 F - a ring of poison resistance (right hand)
 P - an uncursed ring of protection from fire
Wands
 b - a wand of iceblast (7/15)
 e - a wand of random effects (10/48)
 C - a wand of confusion (18/48)
 R - a wand of digging (8/24)
 V - a wand of iceblast (8/15)
 X - a wand of lightning (5/15)
Scrolls
 d - 10 scrolls of teleportation {!r}
 j - 2 scrolls of fear {!r}
 p - 8 scrolls of identify
 r - a scroll of noise {unknown}
 s - 4 scrolls of blinking
 w - 3 scrolls of enchant weapon
 y - a scroll of silence {unknown}
 A - 10 scrolls of remove curse
 G - 9 scrolls of fog
 H - 2 scrolls of enchant armour
 S - a scroll of magic mapping {!r}
Potions
 g - 2 potions of flight
 i - 6 potions of curing
 k - a potion of magic {!q}
 l - 2 potions of might {!q}
 n - 2 potions of agility {unknown}
 q - a potion of ambrosia {unknown}
 v - a potion of heal wounds {unknown}
 B - a potion of mutation {unknown}
 D - 5 potions of brilliance {!q}
 M - 2 potions of haste {unknown}
 N - 3 potions of lignification {unknown}
 O - a potion of invisibility {unknown}
Comestibles
 f - 7 bread rations {!e}
 h - 12 royal jellies
 m - 7 meat rations {!e}
 u - 11 fruits


   Skills:
 - Level 9.9 Fighting
   Level 9.3 Polearms
 - Level 2.0 Throwing
 + Level 10.1 Armour
 - Level 3.2 Dodging
 + Level 13.3 Shields
 * Level 15.4 Unarmed Combat


You had 12 spell levels left.
You didn't know any spells.

Dungeon Overview and Level Annotations

Branches:
Dungeon (12/15)            Temple (1/1) D:5            Lair (3/6) D:9
 Spider (0/4) Lair:2          Orc (0/2) D:11
  Swamp: Lair:2-4    Shoals: Lair:2-4

Altars:
Ashenzari
Cheibriados
Dithmenos
Elyvilon
Fedhas
Gozag
Hepliaklqana
Kikubaaqudgha
Makhleb
Nemelex Xobeh
Okawaru
Qazlal
Ru
Sif Muna
Trog
Uskayaw
Vehumet
Wu Jian
Xom
Yredelemnul
Zin
The Shining One

Shops:
D:9 :*   D:10 %   D:11 :

Annotations:
Lair:3 Sonja


Innate Abilities, Weirdness & Mutations

You reflexively headbutt those who attack you in melee.
You have a pair of horns on your head.


Message History

You punch the raiju!
You headbutt the raiju, but do no damage.
The raiju is almost dead.
The raiju bursts into living lightning!
The living lightning misses the raiju.
The living lightning hits you! x2
* * * LOW HITPOINT WARNING * * *
The living lightning hits the raiju.
The raiju completely resists.
The raiju blinks! x3
The raiju bursts into living lightning!
The living lightning misses you.
The living lightning misses the raiju.
The living lightning hits the raiju.
The raiju completely resists.
The living lightning hits you!
The raiju blinks!
You are too injured to fight recklessly!
Unknown command.
Damage: 20 (max 29)
You are too injured to fight recklessly!
Unknown command.
You are too injured to fight recklessly!
You are too injured to fight recklessly!
Unknown command.
You are too injured to fight recklessly!
You are too injured to fight recklessly!
You closely miss the raiju.
The raiju is moderately wounded.
The raiju bursts into living lightning!
The living lightning hits you!
The raiju blinks!
You block the raiju's attack.
You hit the raiju. You headbutt the raiju.
The raiju is heavily wounded.
The raiju bursts into living lightning!
The living lightning misses you.
The living lightning hits the raiju.
The raiju completely resists.
The living lightning hits the raiju.
The raiju completely resists.
The living lightning hits you!
* * * LOW HITPOINT WARNING * * *
The raiju blinks!
The raiju bites you but does no damage. You block the raiju's attack.
Damage: 12 (max 29)
You hit the raiju.
The raiju is heavily wounded.
The raiju bursts into living lightning!
The living lightning misses you.
The living lightning misses the raiju.
The living lightning hits the raiju.
The raiju completely resists.
The living lightning hits you!
* * * LOW HITPOINT WARNING * * *
The raiju blinks!
The raiju bites you!
* * * LOW HITPOINT WARNING * * *
The raiju shocks you!
* * * LOW HITPOINT WARNING * * *
The raiju bursts into living lightning!
The living lightning hits you!
You die...

##..##... ###.#.
.# .# ....###$#..#
.###.##. ...#....
#...#.#...§# #
...#. .#......#..#
#. .#..
..###.......#..
#..# #. .
...###.#.#... #.
#......#.h#.....#
# #
....##.###.§#....#
# . #. #.##h.##@.#
#### ##.. .. #h.h#
#. ####.#....## ..
#. #..### # ### #


You could see 3 raiju.

Vanquished Creatures
  Fannar (Lair:3)
  A hydra (Lair:3)
  6 two-headed ogres
  6 death yaks
  An orb spider (Lair:2)
  An ugly thing (D:11)
  A cyclops (D:11)
  3 elephants (Lair:3)
  Maurice (D:8)
  3 spiny frogs (Lair:2)
  4 rime drakes
  4 komodo dragons
  A troll (D:10)
  A queen bee (Lair:2)
  Grinder (D:6)
  2 hornets (D:11)
  9 blink frogs
  5 hippogriffs
  A wraith (D:11)
  A wyvern (Lair:2)
  31 yaks
  3 basilisks
  A hungry ghost (D:10)
  Grum (D:9)
  2 steam dragons
  Menkaure (D:6)
  A soldier ant (D:11)
  6 water moccasins
  6 porcupines
  3 ice beasts
  4 sky beasts
  4 orc warriors
  A necrophage (D:9)
  4 ogres (D:5)
  12 wolves
  4 centaurs
  6 crocodiles
  Blork the orc (D:5)
  A big kobold (D:9)
  16 bullfrogs
  7 scorpions
  A wyvern skeleton (D:7)
  29 killer bees
  2 howler monkeys
  An oklob sapling (D:5)
  5 wights (D:7)
  A centaur zombie (D:10)
  5 crimson imps
  2 bullfrog zombies
  2 jellies
  A quasit (D:11)
  9 hounds
  13 orc wizards
  7 orc priests
  Crazy Yiuf (D:2)
  2 bullfrog skeletons
  3 centaur skeletons
  Jessica (D:2)
  Ijyb (D:5)
  2 iguanas
  6 worker ants
  A hell rat (Lair:2)
  A hound zombie (D:9)
  2 hound skeletons
  8 mummies (Ossuary)
  A worker ant zombie (D:9)
  Robin (D:1)
  8 gnolls
  13 adders
  2 oozes
  An adder zombie (D:6)
  7 worms
  A dart slug (D:3)
  7 leopard geckos
  55 orcs
  3 bats
  4 giant cockroaches
  2 gnoll zombies
  15 goblins
  9 hobgoblins
  13 jackals
  4 quokkas
  3 ball pythons
  7 frilled lizards
  A hobgoblin zombie (Ossuary)
  16 kobolds
  A kobold zombie (Ossuary)
  5 orc zombies (Ossuary)
  A quokka skeleton (D:5)
  A quokka zombie (D:5)
  6 rats
  2 fungi (D:2)
  A plant (D:5)
464 creatures vanquished.

Vanquished Creatures (others)
  8 bushes (Lair:3)
  4 fungi
  13 plants (Lair:1)
25 creatures vanquished.

Grand Total: 489 creatures vanquished

Notes
Turn   | Place    | Note
-------+----------+-------------------------------------------
     0 | D:1      | Arkorax the Minotaur Gladiator began the quest for the Orb.
     0 | D:1      | Reached XP level 1. HP: 18/18 MP: 0/0
     2 | D:1      | Noticed a draconian
     2 | D:1      | Noticed an ogre
     4 | D:1      | Noticed a tengu
     4 | D:1      | Noticed a human
     8 | D:1      | Noticed a spriggan
     8 | D:1      | Noticed an octopode
    10 | D:1      | Noticed a naga
    12 | D:1      | Noticed a centaur
    12 | D:1      | Noticed a demigod
    14 | D:1      | Noticed a halfling
    14 | D:1      | Noticed a troll
    16 | D:1      | Noticed a gargoyle
    16 | D:1      | Noticed a felid
    18 | D:1      | Noticed a minotaur
    18 | D:1      | Noticed a dwarf
    20 | D:1      | Noticed a ghoul
    20 | D:1      | Noticed a demonspawn
    22 | D:1      | Noticed a formicid
    22 | D:1      | Noticed a vampire
    25 | D:1      | Noticed a vine stalker
    25 | D:1      | Noticed an elf
    27 | D:1      | Noticed a merfolk
    83 | D:1      | Reached skill level 1 in Armour
   300 | D:1      | Reached XP level 2. HP: 25/25 MP: 1/1
   342 | D:1      | Reached skill level 4 in Polearms
   912 | D:2      | Reached XP level 3. HP: 27/30 MP: 2/2
  1180 | D:2      | Reached skill level 3 in Fighting
  1267 | D:2      | Found a runed door.
  1357 | D:2      | Noticed Robin
  1359 | D:2      | Noticed Jessica
  1383 | D:1      | Killed Robin
  1383 | D:1      | Reached skill level 5 in Polearms
  1475 | D:1      | Reached XP level 4. HP: 20/38 MP: 3/3
  1477 | D:1      | HP: 10/38 [adder (3)]
  1483 | D:1      | HP: 7/38 [poisoned by an adder]
  1489 | D:1      | HP: 4/38 [poisoned by an adder]
  1496 | D:1      | HP: 3/38 [poisoned by an adder]
  1504 | D:1      | HP: 2/38 [poisoned by an adder]
  1807 | D:1      | Reached skill level 1 in Shields
  2198 | D:2      | Killed Jessica
  2406 | D:2      | Reached XP level 5. HP: 29/45 MP: 4/4
  2807 | D:2      | Found a burning altar of Makhleb.
  2813 | D:2      | Reached skill level 2 in Shields
  3162 | D:2      | Reached skill level 6 in Polearms
  3191 | D:2      | Noticed Crazy Yiuf
  3201 | D:2      | HP: 12/46 [Crazy Yiuf/quarterstaff of chaos (8)]
  3202 | D:2      | Killed Crazy Yiuf
  3206 | D:2      | HP: 9/46 [poisoned by Crazy Yiuf]
  3213 | D:2      | HP: 7/46 [poisoned by Crazy Yiuf]
  3220 | D:2      | HP: 6/46 [poisoned by Crazy Yiuf]
  3228 | D:2      | HP: 5/46 [poisoned by Crazy Yiuf]
  3686 | D:3      | Reached skill level 4 in Fighting
  3686 | D:3      | Reached XP level 6. HP: 50/52 MP: 5/5
  3870 | D:3      | Reached skill level 3 in Shields
  4241 | D:4      | Reached skill level 7 in Polearms
  4494 | D:4      | Reached XP level 7. HP: 58/60 MP: 6/6
  4559 | D:4      | Reached skill level 5 in Fighting
  4565 | D:4      | Reached skill level 4 in Shields
  5177 | D:5      | Entered Level 5 of the Dungeon
  5252 | D:5      | Found a staircase to the Ecumenical Temple.
  5291 | Temple   | Entered the Ecumenical Temple
  5538 | Temple   | Became a worshipper of the Wu Jian Council
  5712 | D:5      | Reached skill level 8 in Polearms
  5742 | D:5      | Noticed Blork the orc
  5753 | D:5      | Killed Blork the orc
  5753 | D:5      | Reached skill level 5 in Shields
  5872 | D:5      | Noticed Ijyb
  5893 | D:5      | Killed Ijyb
  5893 | D:5      | Reached XP level 8. HP: 70/70 MP: 7/7
  5980 | D:5      | Reached skill level 6 in Fighting
  6063 | D:5      | Reached skill level 9 in Polearms
  6113 | D:6      | Found a sand-covered staircase.
  6127 | Ossuary  | Entered an ossuary
  6171 | Ossuary  | Reached * piety under Wu Jian
  6254 | Ossuary  | Reached skill level 6 in Shields
  6375 | D:6      | Reached skill level 1 in Unarmed Combat
  6424 | D:6      | Noticed Menkaure
  6601 | D:6      | Killed Menkaure
  6601 | D:6      | Reached skill level 2 in Unarmed Combat
  6636 | D:6      | Noticed Grinder
  6642 | D:6      | Killed Grinder
  6642 | D:6      | Reached skill level 7 in Fighting
  6642 | D:6      | Reached skill level 3 in Unarmed Combat
  6739 | D:6      | Reached skill level 4 in Unarmed Combat
  6739 | D:6      | Reached XP level 9. HP: 38/79 MP: 8/8
  6879 | D:6      | Reached skill level 7 in Shields
  7085 | D:6      | Reached ** piety under Wu Jian
  7085 | D:6      | Reached skill level 5 in Unarmed Combat
  7305 | D:7      | Reached skill level 8 in Fighting
  7362 | D:7      | Reached skill level 6 in Unarmed Combat
  7814 | D:8      | Reached skill level 8 in Shields
  7859 | D:8      | Noticed a two-headed ogre
  7860 | D:8      | Noticed a two-headed ogre
  7877 | D:8      | Killed a two-headed ogre
  7877 | D:8      | Reached skill level 7 in Unarmed Combat
  7878 | D:8      | HP: 15/82 [two-headed ogre/giant club (18)]
  7884 | D:8      | HP: 8/82 [two-headed ogre/giant club (14)]
  7885 | D:8      | Killed a two-headed ogre
  7885 | D:8      | Reached skill level 9 in Fighting
  7885 | D:8      | Reached skill level 8 in Unarmed Combat
  7885 | D:8      | Reached XP level 10. HP: 9/91 MP: 9/9
  8484 | D:8      | Reached skill level 9 in Shields
  8675 | D:8      | Noticed Maurice
  8698 | D:8      | Killed Maurice
  8698 | D:8      | Reached skill level 9 in Unarmed Combat
  8929 | D:9      | Reached *** piety under Wu Jian
  9245 | D:9      | Found Qaymesk's Book Emporium.
  9388 | D:9      | Found an iron altar of Okawaru.
  9499 | D:9      | Reached skill level 2 in Armour
  9673 | D:9      | Reached skill level 10 in Unarmed Combat
  9720 | D:9      | Found a staircase to the Lair.
  9778 | D:9      | Noticed Grum
  9809 | D:9      | Killed Grum
  9809 | D:9      | Reached skill level 3 in Armour
  9809 | D:9      | Reached skill level 10 in Shields
  9883 | D:9      | Found Kuxt's Island Escapes.
  9900 | D:9      | Noticed a two-headed ogre
  9911 | D:9      | Killed a two-headed ogre
  9911 | D:9      | Reached XP level 11. HP: 61/99 MP: 10/10
  9973 | D:9      | Bought 3 scrolls of fog for 84 gold pieces
 10008 | D:10     | Entered Level 10 of the Dungeon
 10037 | D:10     | Reached **** piety under Wu Jian
 10115 | D:10     | Found Bopsiq Weep's Food Emporium.
 10147 | D:10     | Reached skill level 4 in Armour
 10176 | D:10     | Found a basalt altar of Yredelemnul.
 10208 | D:10     | Reached skill level 11 in Unarmed Combat
 10229 | D:10     | Noticed a two-headed ogre
 10229 | D:10     | Noticed a two-headed ogre
 10240 | D:10     | Killed a two-headed ogre
 10251 | D:10     | Killed a two-headed ogre
 10251 | D:10     | Reached skill level 5 in Armour
 10636 | D:11     | Found Otuschuo's Book Boutique.
 10973 | D:11     | Noticed a two-headed ogre
 10974 | D:11     | Noticed a brown ugly thing
 10992 | D:11     | Arkorax: !Wu Jian
 10992 | D:11     | Arkorax: ??Wu Jian
 10992 | D:11     | beem: wu jian[1/8]: WJC is a god based on mobile melee combat, offering strong incentives to fight groups of enemies in the open. It provides melee characters with a strong but relatively flat power increase in the form of special attacks triggered by moving, and offers effective positioning tools to hybrids and ranged characters.
 11000 | D:11     | Killed a two-headed ogre
 11012 | D:11     | Killed a brown ugly thing
 11165 | D:11     | Reached skill level 11 in Shields
 11221 | D:11     | Found a staircase to the Orcish Mines.
 11268 | D:11     | Reached skill level 12 in Unarmed Combat
 11278 | D:11     | Reached skill level 6 in Armour
 11449 | D:11     | You fall through a shaft!
 11462 | D:12     | Reached ***** piety under Wu Jian
 11621 | Lair:1   | Entered Level 1 of the Lair of Beasts
 12076 | Lair:1   | Reached skill level 7 in Armour
 12076 | Lair:1   | Reached XP level 12. HP: 89/106 MP: 11/11
 12312 | Lair:1   | HP: 27/106 [porcupine's spines (8)]
 12621 | Lair:1   | Reached skill level 13 in Unarmed Combat
 13080 | Lair:2   | Reached skill level 8 in Armour
 13084 | Lair:2   | Found a hole to the Spider Nest.
 13120 | Lair:2   | Reached skill level 12 in Shields
 13228 | Lair:2   | Got a pitted golden ring
 13230 | Lair:2   | Identified the ring of Vivasmucw {Wiz +Inv} (You found it on level 2 of the Lair of Beasts)
 13550 | Lair:2   | Reached skill level 14 in Unarmed Combat
 13586 | Lair:2   | Reached skill level 9 in Armour
 13701 | Lair:2   | Got a transparent robe
 13702 | Lair:2   | Identified the +3 robe of the Original Sin {rPois MR- Int+4 SInv} (You found it on level 2 of the Lair of Beasts)
 14046 | Lair:3   | Noticed a death yak
 14046 | Lair:3   | Noticed a death yak
 14046 | Lair:3   | Noticed a death yak
 14046 | Lair:3   | Noticed a death yak
 14046 | Lair:3   | Noticed a death yak
 14047 | Lair:3   | Noticed a death yak
 14062 | Lair:2   | Killed a death yak
 14068 | Lair:2   | Killed a death yak
 14211 | Lair:3   | Killed a death yak
 14219 | Lair:3   | Killed a death yak
 14219 | Lair:3   | Reached XP level 13. HP: 100/113 MP: 12/12
 14243 | Lair:3   | Reached ****** piety under Wu Jian
 14285 | Lair:3   | Reached skill level 13 in Shields
 14314 | Lair:3   | Noticed Sonja
 14541 | Lair:3   | Noticed Fannar
 14571 | Lair:3   | Reached skill level 15 in Unarmed Combat
 14583 | Lair:3   | Killed Fannar
 14682 | Lair:3   | Reached skill level 10 in Armour
 15232 | Lair:3   | Cast into level 2 of the Abyss (Sonja)
 15232 | Abyss:2  | Found a corrupted altar of Lugonu.
 15277 | Abyss:2  | HP: 18/113 [raiju/living lightning (23)]
 15277 | Abyss:2  | HP: 2/113 [raiju (9)]
 15277 | Abyss:2  | Killed from afar by a raiju

Vault maps used:
D:1:      kb_arrival_jail, bh_walls_and_bars
D:2:      makhleb_heckhound_becter, uniq_robin, uniq_jessica,
          uniq_crazy_yiuf_cottage
D:4:      kennysheep_generic_room_8
D:5:      minmay_temple_entry_oklob, first_bread, interstate_on_off,
          serial_bayou_ford_a, uniq_ijyb, uniq_blork_the_orc
D:6:      enter_ossuary_3, uniq_menkaure, uniq_grinder
D:8:      uniq_maurice
D:9:      lemuel_crystal_altar, grunt_lair_entry_orc_guard_hut, serial_shops,
          shop_coins, nicolae_island_escapes, uniq_grum
D:10:     basic_altar, serial_shops, shop
D:11:     hiddenorc1_lemuel, serial_shops, shop_coins,
          hangedman_pestilent_swarm, nrook_mini_backslash
D:12:     serial_shops, shop, uniq_urug, uniq_nessos, uniq_harold
Temple:   nicolae_temple_the_god_donut
Lair:1:   serial_bayou_lagoon_a, st_stairs_7
Lair:2:   regret_index_combs_of_tragedy, nicolae_spider_entry_orb_guardian,
          grunt_megastairs_2
Lair:3:   minmay_hedge_maze, minivault_24, patterned_corridor,
          grunt_megastairs_4, uniq_sonja, uniq_fannar
Abyss:2:  bh_abyss_xom_lugonu_altar, minivault_19
Ossuary:  ossuary_tomb_3

Skill      XL: |  1  2  3  4  5  6  7  8  9 10 11 12 13 |
---------------+----------------------------------------+-----
Armour         | 1 3 7 9 10 | 10.1
Polearms       | 4 5 6 7 8 9 |  9.3
Fighting       | 3 4 5 7 9 |  9.9
Shields        | 1 2 3 5 6 8 10 11 12 13 | 13.3
Unarmed Combat | 4 8 10 12 14 15 | 15.4
Throwing       | |  2.0
Dodging        | |  3.2

Action                   |  1- 3 |  4- 6 |  7- 9 | 10-12 | 13-15 || total
-------------------------+-------+-------+-------+-------+-------++-------
Melee: Trident           |    91 |    28 |       |       |       ||   119
       Headbutt          |     8 |    36 |    63 |   210 |    42 ||   359
       Dagger            |       |    46 |       |       |       ||    46
       Spear             |       |   156 |   468 |   476 |       ||  1100
       Unarmed           |       |       |       |   610 |   163 ||   773
Throw: Throwing net      |       |       |     1 |       |       ||     1
  Use: Potion            |       |     1 |     1 |     1 |       ||     3
       Scroll            |       |       |     5 |    14 |       ||    19
 Stab: Sleeping          |     1 |       |       |       |       ||     1
       Held in net/web   |       |       |     1 |       |       ||     1
  Eat: Chunk             |     2 |    10 |    10 |    23 |     3 ||    48
       Royal jelly       |       |       |       |       |     2 ||     2
Armor: Leather armour    |    12 |    17 |       |       |       ||    29
       Ring mail         |       |    19 |    37 |    18 |       ||    74
       Plate armour      |       |       |       |   303 |    56 ||   359
Dodge: Dodged            |    33 |    36 |    33 |   111 |    22 ||   235
Block: Large shield      |    18 |   138 |   197 |   805 |   149 ||  1307

Table legend:
 A = Turns spent in this place as a percentage of turns spent in the entire game.
 B = Non-inter-level travel turns spent in this place as a percentage of non-inter-level travel turns spent in the entire game.
 C = Inter-level travel turns spent in this place as a percentage of turns spent in this place.
 D = Turns resting spent in this place as a percentage of non-inter-level travel turns spent in this place.
 E = Turns spent auto-exploring this place as a percentage of non-inter-level travel turns spent in this place.
 F = Non-inter-level travel turns spent in this place divided by the number of levels of this place that you've seen.
                   A       B       C       D       E      F
               +-------+-------+-------+-------+-------+----------------------
         Total | 100.0 | 100.0 |   0.4 |   1.0 |  10.1 | 323.2
       Dungeon |  70.1 |  70.0 |   0.5 |   1.1 |  10.9 | 339.5
        Temple |   0.6 |   0.6 |   2.9 |   0.0 |  52.9 |  34.0
          Lair |  26.3 |  26.3 |   0.2 |   0.9 |   6.9 | 510.3
         Abyss |   0.7 |   0.7 |   0.0 |   0.0 |   2.6 |  38.0
       Ossuary |   2.4 |   2.4 |   0.0 |   0.0 |  10.6 | 141.0
               +-------+-------+-------+-------+-------+----------------------

Vault maps used:
D:1:      kb_arrival_jail, bh_walls_and_bars
D:2:      makhleb_heckhound_becter, uniq_robin, uniq_jessica,
          uniq_crazy_yiuf_cottage
D:4:      kennysheep_generic_room_8
D:5:      minmay_temple_entry_oklob, first_bread, interstate_on_off,
          serial_bayou_ford_a, uniq_ijyb, uniq_blork_the_orc
D:6:      enter_ossuary_3, uniq_menkaure, uniq_grinder
D:8:      uniq_maurice
D:9:      lemuel_crystal_altar, grunt_lair_entry_orc_guard_hut, serial_shops,
          shop_coins, nicolae_island_escapes, uniq_grum
D:10:     basic_altar, serial_shops, shop
D:11:     hiddenorc1_lemuel, serial_shops, shop_coins,
          hangedman_pestilent_swarm, nrook_mini_backslash
D:12:     serial_shops, shop, uniq_urug, uniq_nessos, uniq_harold
Temple:   nicolae_temple_the_god_donut
Lair:1:   serial_bayou_lagoon_a, st_stairs_7
Lair:2:   regret_index_combs_of_tragedy, nicolae_spider_entry_orb_guardian,
          grunt_megastairs_2
Lair:3:   minmay_hedge_maze, minivault_24, patterned_corridor,
          grunt_megastairs_4, uniq_sonja, uniq_fannar
Abyss:2:  bh_abyss_xom_lugonu_altar, minivault_19
Ossuary:  ossuary_tomb_3
